Map: Ascension to Aiur LE

Players

Vlign - Winner!

  • Race: Terran Terran
  • Spawn Location: 11:00

A.I. 1 (Elite)

  • Race: Protoss Protoss
  • Spawn Location: 5:00

VOD

Have the link to the VOD?

Description

Time

  • Played on: Dec. 19, 2017, 8:47 p.m.
  • Length: 12:14
Show
View Real Time Build Order
Export as new Build Order

Vlign Terran - Winner!

Build Orders:  

Get SALT Encoding   

  12  0:01  SCV  
  13  0:13  SCV  
  14  0:20  Supply Depot  
  14  0:25  SCV  
  15  0:30  Refinery  
  15  0:41  SCV  
  16  0:46  Barracks  
  16  0:53  SCV  
  17  1:05  SCV  
  18  1:18  SCV  
  19  1:30  SCV  
  20  1:42  SCV  
  20  1:43  Command Center  
  22  1:54  SCV  
  22  2:00  Refinery  
  22  2:03  Factory  
  22  2:06  Barracks Reactor  
  22  2:15  Supply Depot  
  22  2:17  SCV  
  24  2:37  SCV  
  24  2:47  Factory Reactor, Marine x2  
  24  2:49  Orbital Command  
  26  2:58  Engineering Bay  
  26  3:06  Marine x2  
  28  3:15  Orbital Command  
  28  3:16  SCV  
  29  3:24  Hellion  
  29  3:26  Cyclone  
  34  3:31  Marine  
  36  3:35  SCV  
  36  3:38  Terran Infantry Weapons Level 1  
  36  3:46  SCV  
  36  3:47  Supply Depot  
  37  3:51  SCV  
  38  3:57  Cyclone  
  38  3:58  SCV  
  38  4:01  Hellion  
  38  4:02  Marine  
  45  4:06  Marine  
  45  4:09  SCV  
  47  4:10  SCV  
  47  4:14  Supply Depot  
  48  4:22  Barracks  
  48  4:23  SCV  
  48  4:24  SCV  
  50  4:31  Hellion x2  
  54  4:35  Factory  
  54  4:41  Supply Depot, SCV  
  55  4:51  Starport, Marine x2  
  57  4:53  Hellion  
  57  4:56  Hellion  
  61  5:02  SCV  
  61  5:06  Supply Depot  
  62  5:07  SCV  
  63  5:18  Barracks Tech Lab  
  63  5:20  Factory Tech Lab  
  63  5:23  Marine x2, Hellion x2  
  63  5:27  Supply Depot  
  69  5:29  SCV  
  69  5:30  SCV  
  69  5:34  Supply Depot  
  71  5:36  Terran Infantry Armor Level 1  
  71  5:39  Stimpack  
  71  5:41  SCV  
  71  5:42  Marauder  
  74  5:46  Hellion  
  74  5:47  Infernal Pre-Igniter  
  76  5:51  Hellion  
  76  5:54  Medivac  
  76  5:56  Marine x2  
  82  5:58  SCV  
  82  6:02  Refinery  
  83  6:06  Supply Depot  
  83  6:10  Supply Depot  
  83  6:12  Marine  
  84  6:21  SCV  
  84  6:23  SCV  
  84  6:25  Marine x2  
  86  6:29  Hellion x3  
  86  6:30  Medivac  
  86  6:32  Supply Depot  
  97  6:33  Marauder  
  98  6:47  Command Center  
  98  6:53  Marine x2  
  100  6:54  Marine  
  100  6:55  Siege Tank  
  100  6:56  Hellion x2  
  108  7:05  Armory, Missile Turret  
  108  7:10  Armory  
  108  7:19  Marine x3  
  108  7:21  Hellion x2  
  77  8:12  Marine x3  
  71  8:13  Hellion x2  
  71  8:14  Hellion  
  76  8:29  Medivac  
  76  8:30  Marine x3  
  77  8:35  Hellion  
  79  8:45  Hellion x2  
  79  8:47  Marine  
  79  8:48  Marine  
  85  8:59  Medivac  
  87  9:09  Marine  
  87  9:10  Marine x2  
  87  9:13  Hellion x3  
  96  9:27  Marine x2  
  96  9:28  Marine  
  97  9:34  Widow Mine  
  99  9:45  Marine  
  100  10:05  Marine x3  
  100  10:06  Hellion x3  
  109  10:21  Hellion x6  
  107  10:29  Supply Depot  
  107  10:32  Hellion x3  
  107  10:33  Medivac  
  107  10:34  Marine x2  
  107  10:35  Marine  
  118  11:10  Marine x3  
  123  11:11  Medivac, Hellion x3  
  129  11:25  Hellion x4  
  129  11:27  Factory x2  
  129  11:30  Barracks  
  129  11:31  Barracks  
  129  11:32  Starport  
Show
View Real Time Build Order
Export as new Build Order

A.I. 1 (Elite) Protoss 

Build Orders: Zealot Archon 

Get SALT Encoding   

  12  0:00  Probe  
  13  0:13  Probe  
  14  0:20  Pylon  
  14  0:25  Probe  
  15  0:38  Probe  
  16  0:47  Assimilator  
  16  0:50  Probe, Gateway  
  17  1:01  Pylon  
  17  1:02  Probe  
  18  1:14  Probe  
  19  1:26  Probe  
  20  1:38  Probe, Zealot  
  23  1:40  Cybernetics Core  
  23  1:50  Probe  
  24  2:02  Probe  
  24  2:04  Nexus  
  25  2:16  Gateway  
  25  2:24  Pylon  
  25  2:27  Zealot  
  27  2:30  Probe  
  27  2:33  Warp Gate  
  28  2:42  Assimilator, Probe  
  29  2:54  Adept, Probe  
  32  3:03  Adept  
  34  3:06  Probe, Pylon  
  35  3:16  Probe  
  35  3:18  Probe  
  37  3:22  Gateway  
  37  3:30  Probe  
  37  3:31  Adept  
  40  3:34  Probe  
  40  3:39  Adept  
  43  3:42  Probe  
  43  3:46  Probe  
  45  3:54  Probe  
  46  3:58  Adept, Probe  
  49  4:06  Adept, Probe  
  49  4:09  Adept  
  54  4:10  Probe  
  54  4:15  Pylon  
  55  4:19  Probe  
  55  4:22  Probe  
  57  4:26  Stalker, Pylon  
  57  4:31  Probe  
  60  4:34  Probe  
  61  4:40  Stalker  
  61  4:43  Probe, Stalker  
  66  4:45  Twilight Council  
  66  4:47  Probe  
  67  4:53  Pylon  
  67  4:55  Probe  
  67  4:59  Probe  
  69  5:03  Stalker  
  69  5:04  Stalker  
  73  5:07  Probe, Sentry  
  73  5:11  Probe  
  77  5:19  Probe, Pylon  
  78  5:23  Templar Archives  
  78  5:26  Assimilator  
  78  5:30  Assimilator  
  78  5:37  Zealot  
  78  5:42  Pylon  
  80  5:48  Probe x2  
  82  5:56  Stalker  
  84  5:59  High Templar  
  84  6:00  Forge, Stalker, Probe  
  84  6:01  Probe  
  84  6:02  Pylon  
  90  6:05  Nexus  
  90  6:19  High Templar  
  90  6:23  Sentry  
  94  6:30  Archon, Robotics Facility  
  94  6:32  Stalker  
  96  6:34  Forge  
  96  6:39  Pylon  
  96  6:46  High Templar  
  98  6:52  High Templar  
  98  6:53  Pylon  
  100  7:02  Gateway  
  100  7:14  Archon, High Templar  
  102  7:16  Photon Cannon  
  102  7:17  Observer, Probe x2  
  102  7:18  Probe  
  106  7:27  High Templar  
  106  7:29  Probe  
  109  7:30  Probe x2  
  109  7:31  Assimilator  
  109  7:33  Pylon  
  109  7:35  Pylon  
  111  7:38  Assimilator  
  111  7:40  Zealot  
  111  7:41  Probe  
  111  7:42  Probe  
  111  7:43  Probe  
  114  7:46  Stalker  
  114  7:50  Psionic Storm  
  116  7:53  Probe  
  116  7:54  Probe  
  116  7:55  Assimilator  
  116  7:56  Probe, Zealot  
  111  7:59  Zealot  
  111  8:00  Zealot  
  93  8:05  Probe  
  93  8:06  Probe  
  93  8:08  Probe  
  93  8:09  Zealot  
  82  8:16  Stalker  
  82  8:17  Probe  
  82  8:19  Adept, Probe  
  73  8:20  Probe, High Templar  
  70  8:29  High Templar  
  70  8:30  Probe  
  70  8:31  Probe, Sentry  
  70  8:32  Probe  
  60  8:38  Zealot  
  60  8:39  High Templar  
  48  8:42  Probe  
  48  8:43  Probe  
  44  8:54  Probe, Zealot  
  44  8:55  Probe  
  47  8:59  Zealot  
  47  9:02  Stalker  
  47  9:06  Probe  
  47  9:07  Probe  
  45  9:11  High Templar  
  45  9:14  Adept  
  49  9:26  Nexus  
  49  9:27  High Templar, Zealot  
  39  9:35  Zealot  
  29  9:50  Probe  
  29  9:51  Zealot  
  21  9:59  High Templar  
  19  10:29  High Templar  
  21  10:36  Zealot  
  21  10:37  Probe  
Tags
 
Composition
Zealot Archon
Matchup
PvT
Replay Pack
replaypack1
Spawn Locations
Cross Positions
Add a new tag
Caveats
  • Supply blocks, unpowered buildings, or Contaminate may cause inaccurate times.
  • Supply counts are checked every 10 seconds.